 Dungeon Crawl Stone Soup version 0.16.0-16-g311141a (webtiles) character file.

54 Nefaurd the Changer (level 3, -1/15 HPs)
             Began as a Felid Transmuter on Mar 19, 2015.
             Slain by an adder (4 damage)
             ... on level 1 of the Dungeon.
             The game lasted 00:05:49 (877 turns).

Nefaurd the Changer (Felid Transmuter)               Turns: 877, Time: 00:05:49

Health: -1/15      AC:  1    Str:  6    XL:     3   Next: 66%
Magic:  8/8        EV: 18    Int: 14    God:
Gold:   84         SH:  0    Dex: 17    Spells: 1 memorised, 6 levels left
                                        Lives:  0   Deaths: 0

rFire  . . .     SeeInvis +       - Unarmed
rCold  . . .     Clarity  .     (armour unavailable)
rNeg   . . .     SustAb   .     (shield unavailable)
rPois  .         Gourm    .     (helmet unavailable)
rElec  .         Spirit   .     (cloak unavailable)
rCorr  .         Warding  .     (gloves unavailable)
rMut   .         Stasis   .     (boots unavailable)
MR     .....                    (no amulet)
Stlth  +.........               (no ring)
                                (no ring)

@: quick, not resistant to hostile enchantments, very unstealthy
A: paw claws, no armour, no weapons or thrown items, fangs 3, see invisible,
carnivore 3, speed 1, shaggy fur 1, slow metabolism 1, sharp paws
a: no special abilities


You were on level 1 of the Dungeon.
You were very full.

You visited 1 branch of the dungeon, and saw 2 of its levels.

You collected 84 gold pieces.

Inventory:

Missiles
 b - 53 arrows
Jewellery
 i - an uncursed ring of protection from cold {unknown}
Scrolls
 g - a scroll of magic mapping {unknown}
 h - a scroll of remove curse {unknown}
 k - 2 scrolls of teleportation {unknown}
Potions
 c - a potion of restore abilities {unknown}
 e - a potion of agility {unknown}
 f - a potion of heal wounds {unknown}
 l - 2 potions of curing {unknown}
Books
 d - a book of Changes

   Spells                             Type                      Level
   a - Beastly Appendage              Transmutation                1
   b - Sticks to Snakes               Transmutation                2
   c - Spider Form                    Transmutation/Poison         3
   d - Ice Form                       Ice/Transmutation            4
   e - Blade Hands                    Transmutation                5
Comestibles
 a - a meat ration


   Skills:
 - Level 1.0 Fighting
 - Level 2.6 Dodging
 - Level 3.0 Unarmed Combat
 + Level 2.7 Spellcasting
 * Level 3.7 Transmutations


You had 6 spell levels left.
You knew the following spells:

 Your Spells              Type           Power        Failure   Level  Hunger
a - Beastly Appendage     Trmt           ##....       6%          1    #......


Dungeon Overview and Level Annotations

Branches:
Dungeon (2/15)

Altars:


Innate Abilities, Weirdness & Mutations

You cannot wear armour.
You are incapable of wielding weapons or throwing items.
You have razor-sharp teeth.
You have supernaturally acute eyesight.
You are carnivorous and can eat meat at any time.
You cover ground quickly.
You are covered in fur (AC +1).
You have a slow metabolism.
Your paws have sharp claws that are effective at stabbing.


Message History

* * * LOW HITPOINT WARNING * * *
Unknown command.
Read which item? (? for menu, Esc to quit)
As you read the scroll labeled WIDOAM ICVEVILID, it crumbles to dust.
Forget which spell ([?*] list [ESC] exit)?
Forget which spell ([?*] list [ESC] exit)?
Okay, then.
It was a scroll of amnesia.
The adder closely misses you. The adder closely misses you.
Things that are here:
a short sword; a stone; a jackal corpse
There is a stone staircase leading up here.
You see here a stone.
The adder completely misses you.
You climb upwards.
There is a stone staircase leading down here.
You enter the shallow water.
Moving in this stuff is going to be slow.
The adder barely misses you. The adder bites you.
You die...

≈≈≈≈≈≈≈≈≈.#....# ≈≈≈#####≈.#.##.#
### ≈ #...'≈...##.# #.##
#.>.#≈...##.####..## ## ≈≈
≈≈≈≈≈≈#.<.#≈.#.##.#.##.#.###. ≈≈
≈≈≈≈≈≈≈#...#≈≈#.#....##.#..##. ≈≈
≈≈≈≈≈≈#####≈.#.#..#.##.#.#.#. ≈#
#≈≈≈≈≈≈≈≈≈≈≈.#.#..#.#..#.##.. ≈#
#≈≈##≈≈###≈≈@#.#..#.#..#.)##.
≈#+##≈≈##≈≈#>#≈≈.S.........######
≈≈≈≈≈≈≈≈≈≈≈#.#≈≈..#.#.#.#...##..#
≈≈≈≈≈≈≈≈≈≈≈#'#≈...÷...#.##...##.#
≈≈≈≈≈≈≈≈≈≈≈≈≈≈≈≈###.#.#.#####.#.#
.≈.≈..≈≈...≈...## #.#.#.# ##.†#
###########..### #.#.#.# ##.#
#.## #.#.#.# ##..
###.#######.#.#.######..#


You could see an adder.

Vanquished Creatures
  2 adders (D:2)
  3 ball pythons
  2 bats (D:1)
  2 goblins
  5 hobgoblins
  7 jackals
  A giant gecko (D:1)
  A giant newt (D:2)
  5 kobolds
  6 rats
34 creatures vanquished.

Notes
Turn   | Place    | Note
--------------------------------------------------------------
     0 | D:1      | Nefaurd, the Felid Transmuter, began the quest for the Orb.
     0 | D:1      | Reached XP level 1. HP: 9/9 MP: 4/4
    77 | D:1      | Reached XP level 2. HP: 6/12 MP: 4/6
   679 | D:2      | Reached XP level 3. HP: 10/15 MP: 8/8
   877 | D:1      | Slain by an adder

Action                   || total
-------------------------++-------
Melee: Unarmed           ||    65
 Cast: Beastly Appendage ||    12
  Use: Scroll            ||     1
 Stab: Sleeping          ||     1
  Eat: Chunk             ||     5
